 Dungeon Crawl Stone Soup version 0.30-a0-313-gae38170b09 (webtiles) character file.

Game seed: 11561120528582501128

3197 Powertoast the Skirmisher (level 9, -1/62 HPs)
             Began as a Barachi Hunter on Oct 27, 2022.
             Was a Believer of Okawaru.
             Slain by Psyche
             ... wielding a +2 dagger of distortion
              (17 damage)
             ... on level 8 of the Dungeon.
             The game lasted 00:21:00 (5909 turns).

Powertoast the Skirmisher (Barachi Hunter)          Turns: 5909, Time: 00:21:00

Health: -1/62      AC: 12    Str: 13    XL:     9   Next: 96%
Magic:  12/12      EV: 18    Int:  9    God:    Okawaru [**....]
Gold:   233        SH:  0    Dex: 20    Spells: 8/8 levels left

rFire   . . .      SeeInvis .    a - +0 shortbow
rCold   x . .      Faith    .    (shield currently unavailable)
rNeg    . . .      Spirit   .    j - +2 ring mail of Words of Power {rElec rC- Regen+}
rPois   .          Reflect  .    (no helmet)
rElec   +          Harm     .    x - +2 cloak {Will+}
rCorr   .          Rampage  .    y - +0 pair of gloves
Will    +....                    (no boots)
Stlth   +.........               (no amulet)
HPRegen 1.10/turn                n - +4 ring of evasion
MPRegen 0.13/turn                (no ring)

@: unable to hop, studying Dodging, slow
A: amphibious, slowness 1, strong legs 1, +LOS
a: Hop, Renounce Religion, Heroism


You were on level 8 of the Dungeon.
You worshipped Okawaru.
Okawaru was pleased with you.
You visited 2 branches of the dungeon, and saw 9 of its levels.

You collected 436 gold pieces.
You spent 203 gold pieces at shops.

Inventory:

Hand Weapons
 a - a +0 shortbow (weapon)
Missiles
 i - 6 atropa-tipped darts
 v - 2 throwing nets
Armour
 c - +0 swamp dragon scales
 j - the +2 ring mail of Words of Power (worn) {rElec rC- Regen+}
   (You found it on level 2 of the Dungeon)

   rC:        It makes you vulnerable to cold.
   rElec:     It insulates you from electricity.
   Regen:     It increases your rate of health regeneration.
 o - a +3 scale mail
 x - a +2 cloak of willpower (worn)
 y - a +0 pair of gloves (worn)
 z - a +0 troll leather armour
Jewellery
 n - a +4 ring of evasion (left hand)
 B - a ring of protection from fire
Wands
 l - a wand of mindburst (19)
 r - a wand of iceblast (9)
Scrolls
 b - 3 scrolls of immolation
 e - 2 scrolls of teleportation
 f - 2 scrolls of amnesia
 p - 2 scrolls of blinking
Potions
 g - a potion of mutation
 h - a potion of magic
 k - 2 potions of lignification
 m - 2 potions of degeneration
 q - a potion of flight {unknown}
 t - a potion of might {unknown}
 u - a potion of attraction {unknown}
 w - a potion of invisibility {unknown}


   Skills:
 + Level 2.9 Fighting
 * Level 11.0 Ranged Weapons
 + Level 6.2 Armour
 + Level 6.3 Dodging
 - Level 0.8 Stealth
 - Level 4.0 Invocations


You had 8 spell levels left.
You didn't know any spells.
Your spell library contained the following spells:

 Spells                   Type           Power      Damage    Failure   Level
 Hailstorm                Conj/Ice       0%         3d3       93%         3
 Inner Flame              Hex/Fire       0%         N/A       93%         3
 Cause Fear               Hex            0%         N/A       100%        4
 Ice Form                 Ice/Tmut       0%         N/A       100%        4
 Storm Form               Tmut/Air       0%         N/A       100%        7
 Discord                  Hex            0%         N/A       100%        8
 Maxwell's Capacitive Co  Air            0%         ∞         100%        8
 Summon Lightning Spire   Summ/Air       Unusable   N/A       N/A         4
 Simulacrum               Ice/Necr       Unusable   N/A       N/A         6

Dungeon Overview and Level Annotations

Branches:
Dungeon (8/15)             Temple (1/1) D:5
   Lair: D:8-11

Altars:
Ashenzari
Cheibriados
Dithmenos
Elyvilon
Fedhas
Gozag
Hepliaklqana
Kikubaaqudgha
Makhleb
Nemelex Xobeh
Okawaru
Qazlal
Ru
Sif Muna
Trog
Uskayaw
Vehumet
Wu Jian
Xom
Yredelemnul
Zin
The Shining One

Shops:
D:3 (   D:5 **(([

Annotations:
D:8 Prince Ribbit, Psyche
Temple 2 transporters


Innate Abilities, Weirdness & Mutations

You are amphibious.
You cover ground slowly.
You can hop short distances.
You have an extended range of vision and can be seen from far away.


Message History

The arrow closely misses the gnoll.
Prince Ribbit hits you but does no damage.
The white imp laughs crazily.
You shoot an arrow. The arrow closely misses Prince Ribbit.
The arrow hits the gnoll!
You kill the gnoll!
Okawaru accepts your kill.
Prince Ribbit hops awkwardly around.
Prince Ribbit closely misses you. Prince Ribbit hits you!
You shoot an arrow. The arrow barely misses Prince Ribbit.
The arrow closely misses the white imp.
Prince Ribbit hits you but does no damage.
You shoot an arrow. The arrow misses Prince Ribbit.
The arrow hits the white imp but does no damage.
Prince Ribbit blinks!
You shoot an arrow. The arrow hits the white imp.
The white imp is moderately wounded.
The white imp gestures at you. The puff of frost hits you.
Prince Ribbit misses you.
You shoot an arrow. The arrow hits the white imp.
The white imp is severely wounded.
Prince Ribbit hits you! The white imp gestures at you.
The puff of frost hits you but does no damage.
You hear some strange, mumbled words.
Prince Ribbit hits you but does no damage.
The white imp hits you. The white imp freezes you.
You feel a terrible chill!
You shoot an arrow. The arrow hits the white imp!
You kill the white imp!
Okawaru accepts your kill.
You hear some strange, mumbled words.
Prince Ribbit barely misses you. Prince Ribbit attacks as you move away!
Prince Ribbit hits you!
* * * LOW HITPOINT WARNING * * *
Prince Ribbit hits you but does no damage.
You feel better. Something hits you but does no damage. Space warps around you!
* * * LOW HITPOINT WARNING * * *
Prince Ribbit completely misses you. Something hits you but does no damage.
Space warps horribly around you!
You die...

#........#
#.####.#.#
#.#.# #.#.#
#...#######...
##)).§.......>
#.#######....
###.###
#..F@.#
#.....#
#....)#
#....<#
#....)#
#######


You could see Prince Ribbit.

Vanquished Creatures
  Maggie (D:5)
  A troll (D:6)
  Edmund (D:6)
  2 orc warriors
  2 ice beasts
  An ogre (D:5)
  A phantom (D:5)
  3 bullfrogs
  A kobold brigand (D:7)
  A gnoll sergeant (D:5)
  3 scorpions
  8 wights
  A howler monkey (D:8)
  3 electric eels (D:6)
  2 jellies (D:4)
  A gnoll bouda (D:6)
  5 hounds
  An orc priest (D:6)
  Crazy Yiuf (D:5)
  Ijyb (D:4)
  5 iguanas
  6 orc wizards
  21 gnolls
  2 adders
  4 white imps
  A worm (D:4)
  2 dart slugs
  27 orcs
  8 endoplasms
  3 giant cockroaches
  9 goblins
  8 hobgoblins
  4 jackals (D:3)
  3 quokkas
  9 ball pythons
  7 bats
  3 frilled lizards (D:1)
  7 kobolds
  16 rats
185 creatures vanquished.

Vanquished Creatures (others)
  66 plants (D:6)
66 creatures vanquished.

Grand Total: 251 creatures vanquished

Notes
Turn   | Place    | Note
-------+----------+-------------------------------------------
     0 | D:1      | Powertoast the Barachi Hunter began the quest for the Orb.
     0 | D:1      | Reached XP level 1. HP: 17/17 MP: 1/1
    34 | D:1      | Reached XP level 2. HP: 23/23 MP: 2/2
   163 | D:1      | Reached skill level 5 in Ranged Weapons
   163 | D:1      | Reached XP level 3. HP: 27/28 MP: 3/3
   521 | D:1      | Reached XP level 4. HP: 34/34 MP: 4/4
   758 | D:2      | Identified the +2 ring mail of Words of Power {rElec rC-
                  | Regen+}
  1161 | D:3      | Reached skill level 1 in Armour
  1176 | D:3      | Found a faded altar of an unknown god.
  1211 | D:3      | Reached skill level 6 in Ranged Weapons
  1211 | D:3      | Reached XP level 5. HP: 39/39 MP: 5/5
  1524 | D:3      | Found Ziawiadea's Weapon Shoppe.
  1659 | D:3      | Found an ancient bone altar of Kikubaaqudgha.
  1660 | D:3      | Found a glowing silver altar of Zin.
  2016 | D:4      | Reached XP level 6. HP: 29/46 MP: 6/6
  2091 | D:4      | Noticed an ice beast
  2107 | D:4      | Killed an ice beast
  2180 | D:4      | Reached skill level 7 in Ranged Weapons
  2272 | D:4      | Noticed Ijyb
  2291 | D:4      | Killed Ijyb
  2292 | D:4      | Reached XP level 7. HP: 51/51 MP: 7/7
  2713 | D:5      | Entered Level 5 of the Dungeon
  2865 | D:5      | Reached skill level 8 in Ranged Weapons
  2883 | D:5      | Found Gaicupp's Weapon Emporium.
  2969 | D:5      | Found a hide-covered altar of Uskayaw.
  2985 | D:5      | You fall into a shaft and drop 3 floors!
  3133 | D:5      | Found Coblikh's Weapon Shop.
  3153 | D:5      | Found Hixtyot's General Store.
  3221 | D:5      | Reached XP level 8. HP: 9/57 MP: 8/8
  3298 | D:5      | Found Xisseade's General Store.
  3307 | D:5      | Bought a scroll of enchant armour for 105 gold pieces
  3307 | D:5      | Bought a scroll of identify for 28 gold pieces
  3307 | D:5      | Bought a potion of heal wounds for 70 gold pieces
  3418 | D:5      | Found a runed translucent door.
  3419 | D:5      | Noticed Crazy Yiuf
  3532 | D:5      | Found Zauzu's Antique Armour Boutique.
  3553 | D:5      | Found a staircase to the Ecumenical Temple.
  3568 | Temple   | Entered the Ecumenical Temple
  3568 | Temple   | Found a transporter.
  3568 | Temple   | Found a transporter.
  3569 | Temple   | Found a transporter.
  3569 | Temple   | Found a transporter.
  3589 | Temple   | Became a worshipper of Warmaster Okawaru
  3840 | D:5      | Killed Crazy Yiuf
  4051 | D:6      | Noticed a troll
  4111 | D:6      | Reached skill level 9 in Ranged Weapons
  4159 | D:6      | Noticed Maggie
  4201 | D:5      | Reached skill level 1 in Invocations
  4222 | D:5      | Killed Maggie
  4223 | D:5      | Reached skill level 5 in Armour
  4291 | D:6      | Reached skill level 5 in Dodging
  4321 | D:6      | Noticed Edmund
  4368 | D:6      | Killed Edmund
  4368 | D:6      | Reached * piety under Okawaru
  4484 | D:6      | Reached XP level 9. HP: 62/62 MP: 10/10
  4642 | D:6      | Killed a troll
  4643 | D:6      | Reached skill level 10 in Ranged Weapons
  4777 | D:6      | Reached ** piety under Okawaru
  5420 | D:7      | Identified a scroll of acquirement
  5423 | D:7      | Acquired a manual of Dodging
  5793 | D:7      | Reached skill level 11 in Ranged Weapons
  5867 | D:8      | Noticed Prince Ribbit
  5891 | D:8      | Noticed Psyche
  5909 | D:8      | Slain by Psyche

Illustrated notes

Levels and vault maps discovered:
D:1:      scummos_arrival_simple_fountains, layout_rooms,
          minmay_rat_gold_closets
D:2:      layout_rooms
D:3:      layout_loops_ring, gammafunk_temple_overflow_statue, serial_shops,
          nicolae_shop_behind_doors, ebering_ecumenical_altar_rust
D:4:      kennysheep_spiral_hall, layout_loops_ring, uniq_ijyb
D:5:      layout_basic, mainiacjoe_overflow_tiny_flanked, temple_hall,
          serial_shops, nicolae_shop_bloodbath_and_beyond, nicolae_square_shop,
          nicolae_shop_crystal, shop, nicolae_stop_n_shop_1,
          uniq_crazy_yiuf_cottage
D:6:      cheibrodos_iron_armory, layout_loops_ring, serial_bayou,
          serial_bayou_lagoon_a, serial_bayou_pond_d, serial_bayou_shore_a,
          serial_bayou_shore_b, hangedman_abyss_or_decor_lesser_grid,
          minmay_microvault, uniq_edmund, uniq_maggie
D:7:      nicolae_cairo_tiling_large, layout_basic
D:8:      layout_loops_cross, uniq_pikel, uniq_psyche, uniq_prince_ribbit1
Temple:   hellmonk_temple_divided_pantheon

Skill      XL: |  1  2  3  4  5  6  7  8  9 |
---------------+----------------------------+-----
Ranged Weapons | 5 6 7 8 9 11 | 11.0
Armour         | 1 2 3 4 5 6 |  6.2
Dodging        | 3 4 5 6 |  6.3
Invocations    | 2 4 |  4.0
Fighting       | |  2.9
Stealth        | |  0.8

Action                   |  1- 3 |  4- 6 |  7- 9 || total
-------------------------+-------+-------+-------++-------
Melee: Shortbow          |       |       |     5 ||     5
 Fire: Shortbow          |    98 |   248 |   553 ||   899
Invok: Heroism           |       |       |     1 ||     1
 Abil: Hop               |       |     1 |     6 ||     7
  Use: Scroll            |       |     6 |    13 ||    19
       Potion            |       |     1 |     6 ||     7
Armor: Leather armour    |    12 |     5 |       ||    17
       Ring mail         |       |    37 |   117 ||   154
       Scale mail        |       |       |     7 ||     7
Dodge: Dodged            |    47 |   114 |   387 ||   548

Table legend: (Time is in decaauts)
 A = Elapsed time spent in this place.
 B = Non-inter-level travel time spent in this place.
 C = Inter-level travel time spent in this place.
 D = Time resting spent in this place.
 E = Time spent auto-exploring this place.
 F = Levels seen in this place.
 G = Mean time per level.
                   A        B        C        D        E       F      G
               +--------+--------+--------+--------+--------+-----+--------+
         Total |   6950 |   6572 |    378 |    120 |   4664 |   9 |  772.2 |
       Dungeon |   6909 |   6541 |    368 |    120 |   4658 |   8 |  863.6 |
        Temple |     40 |     31 |      9 |      0 |      6 |   1 |   40.0 |
               +--------+--------+--------+--------+--------+-----+--------+

Top non-repeatable levels by time:
     D:5: 1375 daAuts
     D:6: 1201 daAuts
     D:3: 1009 daAuts
     D:4: 959 daAuts
     D:7: 915 daAuts
     D:1: 659 daAuts
     D:2: 613 daAuts
     D:8: 176 daAuts
  Temple: 40 daAuts
